AoeStats
← Tanana

Nomad

508469070Analyzed
4v4 RM · 9d ago on Sep 22, 2026· 60m 43s· 8 players
Game mode
Random Map
Map size
231×231
Population
200
Speed
Normal
Resources
Standard
Victory
Conquest
Starting age
Dark Age
Ending age
Imperial Age
RankedLock teamsTeams togetherTeam positionsShared explorationLock speedFull tech treeHidden civsTurbo modeCheats
Victory
Defeat
🇩🇪 Bohemians · Germany
1371
+16
🇩🇪 Vietnamese · Germany
1318
+18
🇩🇪 Persians · Germany
1318
+18
🇩🇪 Koreans · Germany
1316
+18
🇦🇷 Vikings · Argentina
1391
-19
🇦🇷 Danes · Argentina
1379
-18
🇨🇴 Varangians · Colombia
1362
-17
🇩🇿 Huns · Algeria
1333
-16
jaimeerp
5:17 Loom
13:08 Feudal Age
17:01 Wheelbarrow
19:29 Castle Age
18:11 Double-Bit Axe
21:43 Horse Collar
23:25 Heavy Plow
24:18 Bloodlines
24:27 Scale Barding Armor
26:55 Forging
29:51 Husbandry
32:16 Squires
33:17 Gold Mining
34:11 Chain Barding Armor
35:03 Iron Casting
35:09 Scale Mail Armor
35:46 Stone Mining
40:31 Vendel Legacy
44:45 Imperial Age
42:56 Bow Saw
42:18 Pikeman
47:30 Cavalier
51:53 Elite Varangian Guard
Juanki
3:38 Loom
15:16 Feudal Age
20:47 Castle Age
18:59 Scale Mail Armor
19:05 Double-Bit Axe
22:13 Town Watch
37:26 Stone Mining
39:41 Wheelbarrow
40:32 Horse Collar
44:19 Chain Mail Armor
44:26 Arson
44:27 Gambesons
44:42 Squires
49:53 Imperial Age
48:50 Hand Cart
48:35 Town Patrol
49:35 Forging
49:39 Fishing Lines
49:53 Hamask
51:08 Conscription
52:23 Conscription
52:02 Elite Varangian Guard
52:52 Gillnets
54:05 Iron Casting
53:40 Scale Barding Armor
57:11 Blast Furnace
55:58 Pikeman
59:47 Plate Mail Armor
Ministro ChocoArroz
8:16 Loom
12:05 Feudal Age
16:40 Castle Age
15:10 Double-Bit Axe
15:54 Gold Mining
16:00 Fletching
21:02 Bodkin Arrow
23:41 Fishing Lines
24:49 Ballistics
26:23 Clinker Construction
29:04 Bow Saw
28:39 Horse Collar
33:39 Imperial Age
31:48 Squires
32:00 Forging
31:50 Scale Mail Armor
33:14 Scale Mail Armor
34:09 Heavy Plow
34:54 Scale Barding Armor
35:06 Chain Mail Armor
36:02 Two-Man Saw
34:42 Elite Varangian Guard
36:35 Plate Mail Armor
36:40 Iron Casting
36:50 Conscription
39:54 Chieftains
43:31 Blast Furnace
42:27 Elite Skirmisher
43:12 Padded Archer Armor
44:24 Bracer
46:02 Leather Archer Armor
47:10 Chemistry
46:21 Masonry
47:17 Stone Mining
49:49 Ring Archer Armor
49:48 Elite Berserk
53:30 Crossbowman
54:40 Town Watch
56:18 Scale Barding Armor
58:34 Crop Rotation
59:16 Pikeman
WololoMyEx
3:40 Loom
14:58 Feudal Age
16:02 Double-Bit Axe
20:46 Castle Age
19:09 Scale Barding Armor
19:16 Bloodlines
20:00 Wheelbarrow
19:14 Horse Collar
20:47 Light Cavalry
21:53 Bow Saw
22:15 Chain Barding Armor
27:13 Forging
30:18 Heavy Plow
30:31 Bow Saw
32:28 Hand Cart
35:30 Imperial Age
33:41 Gold Mining
33:42 Stone Mining
34:57 Iron Casting
36:27 Hussar
37:11 Husbandry
39:23 Plate Barding Armor
41:30 Fletching
41:41 Padded Archer Armor
41:22 Heavy Cavalry Archer
42:30 Bodkin Arrow
42:58 Ballistics
45:31 Bracer
45:17 Elite Skirmisher
60:48 Two-Man Saw
Fürst Zono
3:27 Loom
14:10 Feudal Age
18:47 Castle Age
17:48 Double-Bit Axe
19:49 Bow Saw
29:03 Horse Collar
30:39 Squires
31:03 Scale Mail Armor
31:05 Fletching
31:03 Pikeman
33:23 Heavy Plow
34:02 Wheelbarrow
33:12 Town Watch
36:57 Imperial Age
34:43 Bodkin Arrow
35:33 Hand Cart
36:24 Forging
38:27 Conscription
38:26 Chain Mail Armor
38:48 Iron Casting
37:37 Man-at-Arms
37:51 Halberdier
41:56 Plate Mail Armor
42:27 Blast Furnace
43:49 Chemistry
43:53 Bracer
43:56 Padded Archer Armor
44:01 Elite Skirmisher
46:09 Leather Archer Armor
46:25 Ballistics
46:01 Imperial Skirmisher
48:10 Ring Archer Armor
49:51 Masonry
52:12 Architecture
51:47 Siege Engineers
54:20 Hussite Reforms
56:42 Houfnice
58:34 Man-at-Arms
59:00 Arson
60:26 Murder Holes
I still hate Goths
3:09 Loom
13:05 Feudal Age
17:03 Castle Age
15:09 Double-Bit Axe
16:37 Scale Barding Armor
20:19 Horse Collar
21:31 Bloodlines
23:15 Forging
24:24 Husbandry
26:19 Fletching
29:44 Chain Barding Armor
30:53 Bodkin Arrow
34:43 Iron Casting
36:21 Wheelbarrow
38:19 Imperial Age
36:27 Wheelbarrow
37:30 Bow Saw
39:17 Plate Barding Armor
38:40 Cavalier
39:20 Light Cavalry
41:01 Conscription
41:58 Savar
56:13 Hussar
58:27 Gold Mining
I still love Koreans
5:00 Loom
13:05 Feudal Age
16:41 Castle Age
15:14 Double-Bit Axe
16:28 Fletching
17:18 Wheelbarrow
17:53 Bodkin Arrow
19:21 Fishing Lines
20:44 Bow Saw
21:26 Bodkin Arrow
22:34 Careening
25:20 Ballistics
25:26 Gillnets
26:17 Clinker Construction
26:33 Town Watch
27:37 Horse Collar
28:51 Scale Mail Armor
30:20 Chain Mail Armor
30:42 Squires
32:17 Crossbowman
35:12 Thumb Ring
37:55 Imperial Age
37:20 Forging
37:41 Hand Cart
37:22 Man-at-Arms
38:03 Arbalester
38:52 Bracer
38:44 Long Swordsman
41:05 Chemistry
40:06 Stone Mining
40:07 Gold Mining
40:06 Two-Handed Swordsman
44:56 Plate Mail Armor
45:44 Iron Casting
48:12 Iron Casting
47:48 Champion
50:29 Heavy Plow
58:39 Two-Man Saw
59:06 Masonry
59:22 Arrowslits
60:53 Architecture
60:28 Siege Engineers
61:09 Conscription
Tanana
3:07 Loom
13:36 Feudal Age
17:35 Castle Age
17:38 Double-Bit Axe
17:35 Horse Collar
17:50 Fletching
18:48 Crossbowman
21:16 Padded Archer Armor
25:38 Thumb Ring
27:18 Bodkin Arrow
27:46 Scale Mail Armor
28:25 Ballistics
29:40 Forging
31:02 Chain Mail Armor
32:16 Bow Saw
32:07 Heavy Plow
33:05 Iron Casting
41:10 Imperial Age
42:48 Plate Mail Armor
42:30 Elite Fire Lancer
46:12 Squires
46:52 Arbalester
50:38 Arbalester
55:19 Bracer
56:58 Chemistry
57:42 Arson
Connection lost

Rejoining the realm…

Still unreachable

The connection could not be restored.

Session expired

The server has moved on; the page needs a fresh start.